 Dungeon Crawl Stone Soup version 0.25.1-2-g60ff931df9 (webtiles) character file.

Game seed: 15321368832498247386

2895 jt the Chopper (level 9, -10/63 HPs)
             Began as a Mummy Chaos Knight on Aug 22, 2020.
             Was a Plaything of Xom.
             Mangled by a wyvern (13 damage)
             ... on level 8 of the Dungeon.
             The game lasted 00:42:13 (139619 turns).

jt the Chopper (Mummy Chaos Knight)               Turns: 139619, Time: 00:42:14

Health: -10/63     AC: 14    Str: 12 (14) XL:     9   Next: 49%
Magic:  12/12      EV:  9    Int: 13      God:    Xom [...*..]
Gold:   3234       SH:  5    Dex: 12 (16) Spells: 5/8 levels left

rFire    x . .     SeeInvis .   a - +1 hand axe (chaos)
rCold    + . .     Gourm    .   c - +0 buckler
rNeg     + + +     Faith    .   n - +0 chain mail (curse)
rPois    ∞         Spirit   .   (no helmet)
rElec    +         Reflect  .   C - +0 cloak
rCorr    .         Harm     .   (no gloves)
MR       ++...                  w - +0 pair of boots (curse)
Stlth    ..........             O - amulet "Atomn" {Fragile +Inv rElec Regen+ Str-2}
HPRegen  0.60/turn              J - ring "Astuera" {rPois MR+ EV+4 Dex+4}
MPRegen  0.13/turn              W - +4 ring of protection

@: no status effects
A: no food or potions, fire vulnerability, cold resistance 1, negative energy
resistance 3, torment resistance, unbreathing
a: Renounce Religion, Evoke Invisibility


You were on level 8 of the Dungeon.
You worshipped Xom.
You were a favourite toy of Xom.
You were not hungry.

You visited 2 branches of the dungeon, and saw 10 of its levels.
You also visited: Sewer.

You collected 3234 gold pieces.

Inventory:

Hand Weapons
 a - a +1 hand axe of chaos (weapon)
 i - a +0 war axe
 l - a +0 long sword
 q - a +0 quarterstaff
 r - a +0 flail
 s - a +0 club
 t - a +3 quarterstaff of chaos
 D - a +0 long sword
 K - a +0 rapier of venom
 L - a +0 short sword of venom
 T - a +0 short sword of speed
 U - a +2 whip of electrocution
Missiles
 d - 62 bolts
 f - 293 stones (quivered)
 h - 32 sling bullets
 j - 11 boomerangs
 m - 216 arrows
 o - a throwing net
 B - 5 silver boomerangs
 H - 6 javelins
 N - 3 atropa-tipped darts
 R - 3 poisoned darts
 S - 4 silver javelins
Armour
 b - a +2 leather armour
 c - a +0 buckler (worn)
 n - a cursed +0 chain mail (worn)
 w - a cursed +0 pair of boots (worn)
 y - a +0 scale mail of cold resistance
 C - a +0 cloak (worn)
Magical Staves
 u - an uncursed staff of energy
 F - an uncursed staff of poison
Jewellery
 E - an uncursed ring of fire
 I - a +6 ring of intelligence
 J - the ring "Astuera" (left hand) {rPois MR+ EV+4 Dex+4}
   (Xom gifted it to you on level 2 of the Dungeon)

   [ring of evasion]

   It affects your evasion (+4).
   It affects your dexterity (+4).
   It protects you from poison.
   It affects your resistance to hostile enchantments.
 M - an uncursed ring of see invisible
 O - the amulet "Atomn" (around neck) {Fragile +Inv rElec Regen+ Str-2}
   (Xom gifted it to you on level 3 of the Dungeon)

   [amulet of regeneration]

   It affects your strength (-2).
   It insulates you from electricity.
   It lets you turn invisible.
   It increases your rate of regeneration.
   It will be destroyed if unequipped.
 W - a +4 ring of protection (right hand)
Wands
 x - a wand of iceblast (5)
 z - a wand of paralysis (10)
 G - a wand of clouds (4)
 P - a wand of random effects (22)
 Q - a wand of polymorph (13)
 V - a wand of digging (5)
Scrolls
 e - 2 scrolls of teleportation
 g - 6 scrolls of remove curse
 k - 2 scrolls of enchant armour
 p - a scroll of summoning {unknown}
 v - 2 scrolls of enchant weapon
 A - 9 scrolls of identify


   Skills:
 - Level 3.0 Fighting
 + Level 7.9 Axes
 + Level 4.4 Throwing
 - Level 1.5 Armour
 - Level 0.7 Dodging
 - Level 4.0 Shields
 - Level 5.0 Evocations


You had 5 spell levels left.
You knew the following spells:

 Your Spells              Type           Power        Failure   Level  Hunger
a - Animate Skeleton      Necr           N/A          100%        1    N/A
b - Apportation           Tloc           #.....       100%        1    N/A
c - Freeze                Ice            #...         100%        1    N/A

Your spell library contained the following spells:

 Spells                   Type           Power        Failure   Level  Hunger
 Corona                   Hex            #......      100%        1    N/A
 Magic Dart               Conj           #...         100%        1    N/A
 Summon Small Mammal      Summ           #...         100%        1    N/A
 Blink                    Tloc           N/A          100%        2    N/A
 Call Imp                 Summ           #.......     100%        2    N/A
 Shroud of Golubria       Chrm/Tloc      #.....       100%        2    N/A
 Slow                     Hex            #.......     100%        2    N/A
 Conjure Flame            Conj/Fire      #.......     100%        3    N/A
 Frozen Ramparts          Ice            #.....       100%        3    N/A
 Gell's Gravitas          Tloc           #.........   100%        3    N/A
 Lesser Beckoning         Tloc           #.........   100%        3    N/A
 Mephitic Cloud           Conj/Pois/Air  #.......     100%        3    N/A
 Ozocubu's Armour         Chrm/Ice       #.......     100%        3    N/A
 Teleport Other           Tloc           #.......     100%        3    N/A
 Hailstorm                Conj/Ice       #.......     100%        4    N/A
 Passage of Golubria      Tloc           N/A          100%        4    N/A
 Summon Ice Beast         Ice/Summ       #.......     100%        4    N/A

Dungeon Overview and Level Annotations

Branches:
Dungeon (9/15)             Temple (1/1) D:4           Sewer (visited)
   Lair: D:8-11         Orc: D:9-12

Altars:
Xom

Annotations:
D:5 3 runed translucent doors, arial999's ghost, amateur DECj


Innate Abilities, Weirdness & Mutations

You do not eat or drink.
Your flesh is vulnerable to fire.
You are immune to poison.
Your flesh is cold resistant. (rC+)
You are immune to negative energy. (rN+++)
You are immune to unholy pain and torment.
You can survive without breathing.


Message History

You kill the crimson imp!
The wyvern bites you!
* * * LOW HITPOINT WARNING * * *
The wyvern bites you.
* * * LOW HITPOINT WARNING * * *
Okay, then.
Unknown command.
Press: ? - help, v - describe, . - travel
Here: a wyvern (severely wounded)
The floor.
Evoke which item? (* to show all) (? for menu, Esc to quit)
Aiming: Cloud Cone
Press: ? - help, Dir - move target cursor, f/p - wyvern
Aim: a wyvern (severely wounded)
You create a blast of freezing vapour!
Reactivating autopickup.
The wyvern is engulfed in freezing vapours.
The wyvern bites you!
You die...
Xom chuckles heartily!

.....####.# .#.!.....# ........#
##### ....... ##...## # ..
#.#)#§# #..#... # ....##.#.#§#
#...... # .......>.§§# #.#..#.
###############o§l## #.#....
.......### #<@§# #.#.##.
###......## #...# #.#.##.
#.......# #...# #...... #.##....#
#...# ###.###
#.##....#####...###########.#..
###..............................
.....##......)............##.....
###..##†.................###.....
#....†..####......###### #.....


You could see a wyvern and an orc (summoned).

Vanquished Creatures
  Pikel (D:7)
  A hippogriff (D:7)
  Eustachio (D:6)
  A water moccasin (D:6)
  An ice beast (D:8)
  An orc warrior (D:7)
  3 slaves
  2 sky beasts
  2 ogres
  A boggart (D:7)
  A centaur (D:8)
  A big kobold (D:8)
  A bullfrog (D:8)
  A scorpion (D:6)
  4 crimson imps
  A centaur zombie (D:5)
  4 howler monkeys
  A quasit (D:7)
  5 orc wizards
  2 hounds
  Crazy Yiuf (D:4)
  4 orc priests
  An iguana (D:5)
  An iron imp (D:5)
  2 jellies
  A gnoll shaman (D:3)
  2 worker ants
  A killer bee zombie (D:5)
  2 hound skeletons
  6 adders
  3 gnolls
  A river rat (D:3)
  2 adder skeletons (D:5)
  2 worms
  2 dart slugs
  5 leopard geckos
  21 orcs
  9 bats
  8 giant cockroaches
  7 goblins
  5 hobgoblins
  5 jackals (D:4)
  8 kobolds
  2 quokkas
  A ball python (D:4)
  4 frilled lizards
  2 leopard gecko skeletons
  7 rats
150 creatures vanquished.

Vanquished Creatures (collateral kills)
  An orc wizard (D:7)
  An orc (D:7)
2 creatures vanquished.

Vanquished Creatures (others)
  An orc priest (D:4)
  2 orcs
3 creatures vanquished.

Grand Total: 155 creatures vanquished

Notes
Turn   | Place    | Note
-------+----------+-------------------------------------------
     0 | D:1      | jt the Mummy Chaos Knight began the quest for the Orb.
     0 | D:1      | Reached XP level 1. HP: 18/18 MP: 1/1
     2 | D:1      | XOM: silly message
   385 | D:1      | Reached skill level 1 in Shields
   385 | D:1      | Reached XP level 2. HP: 16/24 MP: 2/2
  1290 | D:2      | Reached skill level 3 in Axes
  1296 | D:2      | Reached XP level 3. HP: 23/29 MP: 3/3
  1297 | D:2      | XOM: silly message
  1982 | D:3      | Reached XP level 4. HP: 19/35 MP: 4/4
  1984 | D:3      | Found a glowing drain.
  1991 | Sewer    | Entered a sewer
  2135 | Sewer    | Noticed a crocodile
  2145 | Sewer    | a crocodile changed into a jelly
  2145 | Sewer    | XOM: polymorph crocodile -> jelly
  2431 | D:3      | Paralysed by an orc for 5 turns
  2432 | D:3      | XOM: noise
  2434 | D:3      | XOM: enchant monster (good)
  2445 | D:3      | XOM: summons 4 hostile shadow creatures
  2447 | D:3      | Reached XP level 5. HP: 33/41 MP: 5/5
  2459 | D:3      | XOM: blink monster(s)
  2460 | D:3      | XOM: polymorph orc -> river rat
  2782 | D:2      | XOM: silly message
  2899 | D:2      | XOM: stat loss: -1 Int (10/11)
  2932 | D:2      | XOM: summons 3 hostile demons
  3183 | D:1      | XOM: silly message
  3690 | D:1      | XOM: summons 3 hostile demons
  4878 | D:2      | XOM: summons 2 hostile shadow creatures
  5166 | D:1      | XOM: summons 1 hostile shadow creature
  5749 | D:1      | XOM: silly message
  6208 | D:1      | XOM is BORED!
  6208 | D:1      | XOM: summons 3 hostile shadow creatures
  6386 | D:2      | XOM: noise
  9037 | D:2      | XOM: god gift: book of Cantrips
  9141 | D:2      | Learned a level 1 spell: Animate Skeleton
  9143 | D:2      | Learned a level 1 spell: Apportation
 10150 | D:2      | XOM is BORED!
 10961 | D:2      | XOM: god gift: 14 gold pieces
 10977 | D:2      | XOM: god gift: scroll of teleportation
 11380 | D:2      | XOM: silly message
 11765 | D:2      | XOM: divination: magic mapping
 12023 | D:2      | XOM: noise
 12359 | D:2      | XOM: god gift: 19 gold pieces
 12589 | D:2      | XOM: god gift: green potion {god gift}
 13214 | D:2      | XOM: god gift: club {god gift}
 13626 | D:2      | XOM: scenery: create altars
 13862 | D:2      | XOM: god gift: scroll labeled MIQ PEULEASCH {god gift}
 14144 | D:2      | XOM: god gift: 58 gold pieces
 14192 | D:2      | XOM: scenery: create altars
 14238 | D:2      | XOM: god gift: 34 gold pieces
 14397 | D:2      | XOM: god gift: 7 boomerangs
 14442 | D:2      | XOM is BORED!
 14442 | D:2      | XOM: summons 3 hostile shadow creatures
 14825 | D:1      | XOM: cloud trail
 14841 | D:1      | XOM: god gift: 27 arrows
 14890 | D:2      | XOM: divination: detect creatures
 16398 | D:2      | XOM: silly message
 17466 | D:2      | XOM: divination: detect items
 17651 | D:2      | XOM: stat loss: -1 Str (15/16)
 17862 | D:2      | XOM: summons 2 hostile demons
 17935 | D:1      | XOM: summons 2 hostile demons
 18467 | D:2      | XOM: god gift: curved glowing staff {god gift}
 18576 | D:2      | XOM: cloud trail
 18754 | D:2      | XOM: summons 2 hostile demons
 18755 | D:2      | XOM: smoke on damage
 19574 | D:1      | XOM: god gift: scroll labeled TYTON AQIVIWN {god gift}
 20069 | D:1      | XOM: god gift: fizzy red potion {god gift}
 20109 | D:1      | XOM: cloud trail
 20138 | D:1      | XOM: god gift: wand of iceblast (9)
 20479 | D:1      | XOM is BORED!
 20479 | D:1      | XOM: stat loss: -3 Str (12/16)
 20680 | D:2      | XOM: god gift: 18 gold pieces
 20864 | D:2      | XOM: silly message
 21159 | D:2      | XOM: silly message
 21352 | D:2      | XOM: god gift: 9 gold pieces
 21653 | D:2      | XOM is BORED!
 21653 | D:2      | XOM: stat loss: -1 Str (11/16)
 21694 | D:2      | XOM: scenery: create altars
 21871 | D:2      | XOM: scenery: create altars
 22102 | D:2      | XOM: divination: magic mapping
 22206 | D:2      | XOM: summons 2 hostile demons
 22207 | D:2      | Noticed a sun demon
 23092 | D:1      | XOM is BORED!
 23862 | D:1      | XOM: cloud trail
 24043 | D:1      | XOM: god gift: scroll of teleportation
 24577 | D:1      | XOM: god gift: glowing scale mail {god gift}
 25021 | D:1      | XOM: divination: detect items
 25414 | D:1      | XOM: god gift: 6 rations
 25653 | D:1      | XOM: divination: magic mapping
 25901 | D:1      | XOM: divination: detect creatures
 26054 | D:1      | XOM: silly message
 27267 | D:1      | XOM: cloud trail
 27287 | D:1      | XOM is BORED!
 27287 | D:1      | XOM: noise
 27529 | D:1      | XOM: god gift: scroll labeled VEPINO DANOPEU {god gift}
 27552 | D:1      | XOM: noise
 28229 | D:1      | XOM is BORED!
 28229 | D:1      | XOM: silly message
 28468 | D:1      | XOM: noise
 28835 | D:1      | XOM: divination: magic mapping
 29012 | D:1      | XOM: divination: detect creatures
 29330 | D:1      | XOM: noise
 29458 | D:1      | XOM is BORED!
 29561 | D:1      | XOM: silly message
 30696 | D:1      | XOM: silly message
 31207 | D:1      | XOM: god gift: 6 silver boomerangs
 31427 | D:1      | XOM is BORED!
 31427 | D:1      | XOM: summons 1 hostile demon
 32211 | D:2      | XOM: scenery: create altars
 32335 | D:2      | XOM: noise
 32548 | D:2      | XOM: summons 2 hostile demons
 32799 | D:1      | XOM: scenery: create altars
 33077 | D:1      | XOM: god gift: cloak {god gift}
 34471 | D:1      | XOM: summons 3 hostile demons
 34547 | D:2      | XOM: summons 2 hostile shadow creatures
 34760 | D:1      | XOM: god gift: long sword {god gift}
 35202 | D:1      | XOM: silly message
 35313 | D:1      | XOM: stat loss: -1 Str (10/16)
 35519 | D:1      | XOM: noise
 36972 | D:1      | XOM: summons 3 hostile demons
 37144 | D:2      | XOM: noise
 37308 | D:2      | XOM: summons 1 hostile shadow creature
 37507 | D:1      | XOM: scenery: create altars
 37773 | D:1      | XOM: cloud trail
 38171 | D:1      | XOM: summons 3 hostile shadow creatures
 38765 | D:2      | XOM: god gift: 510 gold pieces
 38891 | D:2      | XOM is BORED!
 39023 | D:2      | XOM: stat loss: -1 Dex (10/12)
 39190 | D:2      | XOM: summons 3 hostile demons
 39645 | D:1      | XOM: stat loss: -1 Dex (9/12)
 40044 | D:1      | XOM: summons 3 hostile demons
 40213 | D:2      | XOM: stat loss: -1 Int (9/11)
 40915 | D:2      | XOM: divination: detect items
 41588 | D:2      | XOM: summons 2 hostile shadow creatures
 41715 | D:1      | XOM: noise
 42134 | D:1      | XOM: silly message
 43257 | D:1      | XOM: summons 2 hostile shadow creatures
 43811 | D:2      | XOM: stat loss: -1 Int (8/11)
 43904 | D:2      | XOM: scenery: create altars
 44279 | D:2      | XOM: scenery: create altars
 44509 | D:2      | XOM is BORED!
 44618 | D:2      | XOM: god gift: diamond ring {god gift}
 44756 | D:1      | XOM: scenery: create altars
 44796 | D:1      | XOM: god gift: knobbly smoking staff {god gift}
 45191 | D:1      | XOM: cloud trail
 45302 | D:1      | XOM: god gift: wand of clouds (4)
 45304 | D:1      | XOM: god gift: 18 stones
 45422 | D:1      | XOM: scenery: create altars
 46406 | D:1      | XOM: god gift: scroll labeled VUGEPENAAG {god gift}
 46675 | D:1      | XOM: god gift: club {god gift}
 47079 | D:1      | XOM: cloud trail
 47355 | D:1      | XOM: cloud trail
 47872 | D:1      | XOM: cloud trail
 48039 | D:1      | XOM is BORED!
 48039 | D:1      | XOM: silly message
 48479 | D:1      | XOM: silly message
 48542 | D:1      | XOM: summons 1 hostile shadow creature
 48545 | D:1      | XOM: polymorph bat -> gnoll
 48767 | D:2      | XOM: stat loss: -1 Int (7/11)
 48972 | D:2      | XOM: summons 4 hostile shadow creatures
 49108 | D:1      | XOM is BORED!
 49108 | D:1      | XOM: summons 3 hostile demons
 49261 | D:2      | XOM: divination: detect creatures
 50675 | D:2      | XOM: silly message
 50863 | D:2      | XOM: noise
 51545 | D:2      | XOM: scenery: create altars
 51757 | D:2      | XOM is BORED!
 51757 | D:2      | XOM: noise
 52824 | D:2      | XOM: divination: detect items
 53224 | D:2      | XOM: summons 1 hostile demon
 53325 | D:1      | XOM: silly message
 53520 | D:1      | XOM is BORED!
 53520 | D:1      | XOM: summons 4 hostile shadow creatures
 53701 | D:2      | XOM: summons 2 hostile shadow creatures
 53823 | D:1      | XOM: summons 2 hostile demons
 54258 | D:2      | XOM: god gift: smoking tin ring {god gift}
 54259 | D:2      | Got a smoking tin ring {god gift}
 54260 | D:2      | Identified the ring "Astuera" {rPois MR+ EV+4 Dex+4} (Xom
                  | gifted it to you on level 2 of the Dungeon)
 54825 | D:3      | XOM: summons 3 hostile demons
 54827 | D:4      | Found a staircase to the Ecumenical Temple.
 54950 | Temple   | Entered the Ecumenical Temple
 55053 | D:4      | XOM: summons 3 hostile demons
 55087 | D:3      | Reached skill level 4 in Axes
 55087 | D:3      | Reached skill level 1 in Evocations
 55133 | D:3      | XOM: god gift: 1970 gold pieces
 55898 | D:3      | XOM: cloud trail
 55961 | D:3      | XOM: summons 1 hostile demon
 56116 | D:2      | XOM: stat loss: -1 Dex (12/16)
 56813 | D:3      | XOM: god gift: 16 bolts
 57538 | D:3      | XOM: god gift: 55 gold pieces
 58415 | D:3      | XOM is BORED!
 58415 | D:3      | XOM: summons 3 hostile demons
 58501 | D:2      | XOM: summons 2 hostile shadow creatures
 59091 | D:2      | XOM: silly message
 59808 | D:2      | XOM: summons 3 hostile demons
 60244 | D:3      | XOM: stat loss: -1 Int (7/11)
 60533 | D:3      | XOM: summons 1 hostile shadow creature
 60605 | D:3      | XOM: summons 3 hostile demons
 60836 | D:2      | XOM: stat loss: -1 Str (10/16)
 62309 | D:2      | XOM: god gift: 14 arrows
 62425 | D:2      | XOM is BORED!
 62425 | D:2      | XOM: summons 2 hostile demons
 62462 | D:3      | XOM: divination: magic mapping
 62676 | D:3      | XOM: noise
 63320 | D:3      | XOM: god gift: 37 gold pieces
 64259 | D:3      | XOM: summons 1 hostile demon
 64417 | D:2      | XOM: cloud trail
 65185 | D:2      | XOM: scenery: create altars
 65514 | D:2      | XOM is BORED!
 66856 | D:2      | XOM: silly message
 68367 | D:2      | XOM: god gift: falchion {god gift}
 68809 | D:2      | XOM: god gift: 19 gold pieces
 69358 | D:2      | XOM is BORED!
 69646 | D:2      | XOM: summons 1 hostile demon
 69773 | D:3      | XOM: silly message
 70646 | D:3      | XOM: summons 2 hostile demons
 71211 | D:2      | XOM: summons 3 hostile demons
 72038 | D:3      | XOM: scenery: create altars
 72977 | D:3      | XOM: god gift: ration
 73347 | D:3      | XOM: silly message
 73525 | D:3      | XOM: cloud trail
 73970 | D:3      | XOM: cloud trail
 74072 | D:3      | XOM: summons 3 hostile shadow creatures
 74405 | D:2      | XOM is BORED!
 74921 | D:2      | XOM: cloud trail
 74980 | D:2      | XOM: scenery: create altars
 75027 | D:2      | XOM: god gift: staff of energy {god gift}
 75306 | D:2      | XOM: god gift: 6 atropa-tipped darts
 75382 | D:2      | XOM: god gift: book of Frost
 75386 | D:2      | Learned a level 1 spell: Freeze
 75517 | D:2      | XOM: scenery: create altars
 75969 | D:2      | XOM: silly message
 76203 | D:2      | XOM: god gift: book of Minor Magic
 76206 | D:2      | XOM: cloud trail
 76521 | D:2      | XOM: god gift: copper wand {god gift}
 76788 | D:2      | XOM: scenery: create altars
 77212 | D:2      | XOM: scenery: create altars
 77373 | D:2      | XOM: scenery: create altars
 78120 | D:2      | XOM: noise
 78310 | D:2      | XOM: cloud trail
 79120 | D:2      | XOM: noise
 79354 | D:2      | XOM is BORED!
 79354 | D:2      | XOM: stat loss: -3 Dex (9/16)
 79972 | D:2      | XOM: stat loss: -1 Dex (8/16)
 80434 | D:2      | XOM: summons 3 hostile demons
 80435 | D:2      | Noticed a chaos spawn
 81482 | D:3      | XOM: divination: detect items
 81566 | D:3      | XOM: god gift: 26 stones
 81962 | D:3      | XOM is BORED!
 82783 | D:3      | XOM: summons 3 hostile demons
 83349 | D:2      | XOM: 1-stop teleportation journey
 83445 | D:2      | XOM: scenery: create altars
 85013 | D:2      | XOM: noise
 86545 | D:2      | XOM is BORED!
 86877 | D:2      | XOM: god gift: chain mail {god gift}
 86942 | D:3      | XOM: cloud trail
 87539 | D:3      | XOM: 2-stop teleportation journey
 87834 | D:4      | Noticed an ogre
 87837 | D:4      | XOM: confuse monster(s)
 87842 | D:4      | Killed an ogre
 87842 | D:4      | Reached XP level 6. HP: 13/47 MP: 5/7
 88260 | D:4      | XOM: smoke on damage
 88263 | D:4      | XOM: butterfly on damage
 88267 | D:4      | XOM: divine lightning
 88478 | D:4      | XOM: divination: magic mapping
 88650 | D:4      | Found a runed translucent door.
 88651 | D:4      | Noticed Crazy Yiuf
 88682 | D:5      | XOM: noise
 88682 | D:5      | Entered Level 5 of the Dungeon
 88683 | D:5      | XOM: potion effect (stabbing)
 88692 | D:4      | XOM: summons 2 hostile demons
 89295 | D:3      | XOM: summons 4 hostile demons
 90420 | D:3      | XOM: summons 3 hostile demons
 90507 | D:5      | XOM: smoke on damage
 90531 | D:4      | XOM: summons 4 hostile demons
 90687 | D:5      | Reached XP level 7. HP: 36/52 MP: 8/8
 90826 | D:4      | Killed Crazy Yiuf
 91753 | D:4      | XOM: stat loss: -1 Str (10/16)
 93066 | D:4      | XOM: god gift: 6 javelins
 94193 | D:4      | XOM: divination: magic mapping
 94553 | D:4      | XOM is BORED!
 94553 | D:4      | XOM: silly message
 94708 | D:4      | XOM: silly message
 94710 | D:4      | XOM: divination: magic mapping
 94842 | D:4      | XOM: noise
 95621 | D:4      | XOM is BORED!
 96664 | D:4      | XOM: noise
 96837 | D:4      | XOM: silly message
 97343 | D:4      | XOM: cloud trail
 97515 | D:4      | XOM: divination: detect creatures
 98002 | D:4      | XOM: cloud trail
 98322 | D:4      | XOM: divination: detect creatures
 98520 | D:4      | XOM: scenery: create altars
 98670 | D:4      | XOM: god gift: jade ring {god gift}
 98764 | D:4      | XOM: scenery: create altars
 98836 | D:4      | XOM: god gift: scroll labeled HAACEN ITRY {god gift}
 99071 | D:4      | XOM: scenery: create altars
 99267 | D:4      | XOM: summons 1 hostile shadow creature
100801 | D:4      | XOM: god gift: 23 gold pieces
101059 | D:4      | XOM: 1-stop teleportation journey
101138 | D:5      | XOM: scenery: 2 doors open
102120 | D:3      | XOM is BORED!
102120 | D:3      | XOM: summons 4 hostile demons
102569 | D:4      | XOM: summons 4 hostile demons
102642 | D:3      | XOM: noise
102924 | D:3      | XOM: cloud trail
103570 | D:3      | XOM: cloud trail
104611 | D:3      | XOM is BORED!
106286 | D:3      | XOM: god gift: wand of clouds (2)
106585 | D:3      | XOM: god gift: staff of energy {god gift}
106709 | D:3      | XOM: noise
107020 | D:3      | XOM: divination: detect creatures
108152 | D:3      | XOM: cloud trail
108221 | D:3      | XOM: noise
108585 | D:3      | XOM is BORED!
108883 | D:3      | XOM: divination: magic mapping
109038 | D:3      | XOM: divination: detect items
110360 | D:3      | XOM: god gift: 62 gold pieces
110495 | D:3      | XOM: cloud trail
111252 | D:3      | XOM: god gift: wavering jade amulet {god gift}
111253 | D:3      | Got a wavering jade amulet {god gift}
111254 | D:3      | Identified the amulet "Atomn" {Fragile +Inv rElec Regen+
                  | Str-2} (Xom gifted it to you on level 3 of the Dungeon)
111786 | D:3      | XOM is BORED!
112071 | D:3      | XOM: silly message
112604 | D:3      | XOM: silly message
114687 | D:3      | XOM: god gift: leatherbound book {god gift}
114789 | D:3      | XOM: divination: detect items
114856 | D:3      | XOM: silly message
115014 | D:3      | XOM is BORED!
115014 | D:3      | XOM: noise
115409 | D:3      | XOM is BORED!
115478 | D:3      | XOM: silly message
115584 | D:3      | XOM: god gift: tapered wooden wand {god gift}
115710 | D:3      | XOM: scenery: create altars
115728 | D:3      | XOM: scenery: create altars
116062 | D:3      | XOM: scenery: create altars
116219 | D:3      | XOM: cloud trail
116356 | D:3      | XOM: cloud trail
117059 | D:3      | XOM: god gift: wand of polymorph (13)
117987 | D:3      | XOM is BORED!
117987 | D:3      | XOM: stat loss: -1 Int (13/18)
118148 | D:3      | XOM: cloud trail
118252 | D:3      | XOM: scenery: create altars
118619 | D:3      | XOM: cloud trail
119517 | D:3      | XOM: noise
119772 | D:3      | XOM: god gift: 13 gold pieces
120498 | D:3      | XOM: silly message
122662 | D:3      | XOM: noise
123110 | D:3      | XOM: divination: magic mapping
123127 | D:3      | XOM is BORED!
123879 | D:3      | XOM: summons 1 hostile demon
123987 | D:4      | XOM: 2-stop teleportation journey
124117 | D:5      | XOM: repel stairs
124120 | D:5      | XOM: butterfly on damage
124121 | D:5      | Reached skill level 5 in Axes
124154 | D:6      | XOM: god gift: leather armour {god gift}
124169 | D:6      | XOM: god gift: 37 gold pieces
124246 | D:5      | XOM: 1-stop teleportation journey
124253 | D:5      | XOM: enchant monster (good)
124324 | D:5      | Found a runed translucent gate.
124324 | D:5      | Found a runed translucent gate.
124325 | D:5      | Found a runed translucent gate.
124329 | D:5      | Noticed arial999's ghost (amateur DECj)
124608 | D:6      | XOM: god gift: 4 silver javelins
124725 | D:6      | Noticed Eustachio
124906 | D:6      | Reached XP level 8. HP: 41/58 MP: 10/10
125044 | D:6      | XOM: god gift: green potion {god gift}
125091 | D:6      | XOM: enchant monster (good)
125103 | D:6      | Killed Eustachio
125103 | D:6      | Reached skill level 6 in Axes
125441 | D:7      | XOM: polymorph shadow imp -> quasit
125608 | D:7      | XOM: divination: detect items
125620 | D:7      | XOM: enchant monster (good)
125742 | D:7      | XOM: cast spell 'Cause Fear'
125749 | D:7      | XOM: fake destruction
125755 | D:7      | XOM: scenery: create altars
125759 | D:7      | XOM: confusion (+ monsters)
125805 | D:6      | XOM: swap monsters
126127 | D:7      | Reached skill level 1 in Throwing
126127 | D:7      | Reached skill level 5 in Evocations
126129 | D:7      | XOM: summons 3 hostile demons
126135 | D:7      | XOM: polymorph crimson imp -> quasit
126145 | D:8      | Noticed a two-headed ogre
126155 | D:7      | Noticed a hippogriff
126159 | D:7      | XOM: enchant monster (bad)
126176 | D:7      | Killed a hippogriff
126284 | D:6      | XOM: summons 1 hostile demon
126329 | D:7      | Noticed Pikel
126509 | D:6      | XOM: summons 1 hostile demon
126525 | D:6      | XOM: summons 2 hostile shadow creatures
127377 | D:5      | XOM: noise
128551 | D:5      | XOM: summons 5 hostile demons
129203 | D:6      | XOM: noise
130046 | D:6      | XOM: summons 5 hostile demons
130459 | D:5      | XOM: noise
130602 | D:5      | XOM: cloud trail
131045 | D:5      | XOM: god gift: moonstone ring {god gift}
131423 | D:5      | XOM: scenery: 2 doors close
131885 | D:5      | XOM is BORED!
132029 | D:5      | XOM: summons 1 hostile shadow creature
132885 | D:6      | XOM: summons 1 hostile shadow creature
133103 | D:5      | XOM: silly message
133750 | D:5      | XOM: summons 3 hostile shadow creatures
134185 | D:6      | XOM: silly message
134886 | D:6      | XOM: stat loss: -1 Str (12/14)
136676 | D:6      | XOM is BORED!
136676 | D:6      | XOM: noise
138471 | D:6      | XOM: summons 5 hostile demons
138572 | D:5      | XOM is BORED!
138572 | D:5      | XOM: stat loss: -2 Str (10/14)
138736 | D:7      | Killed Pikel
138736 | D:7      | Reached skill level 7 in Axes
138736 | D:7      | Reached XP level 9. HP: 52/63 MP: 12/12
139093 | D:8      | XOM: cleaving
139101 | D:8      | XOM: summons 2 friendly demons
139220 | D:8      | XOM: 2-stop teleportation journey
139376 | D:8      | XOM: god gift: wand of paralysis (9)
139584 | D:8      | XOM: polymorph wyvern -> big kobold
139608 | D:8      | XOM: summons 2 hostile shadow creatures
139618 | D:8      | HP: 3/63 [wyvern (5)]
139619 | D:8      | Mangled by a wyvern

Illustrated notes

Levels and vault maps discovered:
D:1:      minmay_arrival_four_circles, layout_loops_ring, minmay_misc_feat_chi,
          minmay_split_cup_small
D:2:      layout_rooms
D:3:      layout_loops_ring, gup_sewer_entry_bubbles
D:4:      layout_basic, minmay_temple_entry_grid, dk_vineyard_3,
          uniq_crazy_yiuf_cottage
D:5:      layout_basic, first_ration, ebering_ghost_rock_garden
D:6:      layout_loops_ring, uniq_eustachio
D:7:      layout_cave_pods, uniq_pikel
D:8:      layout_loops_cross, vehumet_statue, tgw_sif
D:9:      layout_irregular_city, dpeg_oklobed_lair, hangedman_ranch
          [blue_anna_fruit_fields], uniq_erica
Temple:   kilobyte_greek_temple

Skill      XL: |  1  2  3  4  5  6  7  8  9 |
---------------+----------------------------+-----
Shields        | 1 2 3 4 |  4.0
Axes           | 3 4 5 7 |  7.9
Evocations     | 1 2 3 5 |  5.0
Throwing       | 3 4 |  4.4
Fighting       | |  3.0
Armour         | |  1.5
Dodging        | |  0.7

Action                   |  1- 3 |  4- 6 |  7- 9 || total
-------------------------+-------+-------+-------++-------
Melee: Hand axe          |   139 |   231 |   423 ||   793
       Short sword       |       |       |    26 ||    26
Throw: Throwing net      |       |     1 |       ||     1
       Boomerang         |       |     4 |    16 ||    20
       Dart              |       |     3 |    20 ||    23
Evoke: Wand              |       |     2 |    11 ||    13
  Use: Scroll            |     3 |     9 |     6 ||    18
 Stab: Paralysed         |     2 |     7 |    31 ||    40
       Petrified         |       |     2 |     8 ||    10
       Invisible         |       |     2 |       ||     2
       Confused          |       |     1 |       ||     1
       Petrifying        |       |     1 |       ||     1
Armor: Leather armour    |    56 |    19 |       ||    75
       Scale mail        |       |    89 |       ||    89
       Chain mail        |       |       |   239 ||   239
Dodge: Dodged            |    67 |   177 |   212 ||   456
Block: Buckler           |    22 |    61 |    84 ||   167
